 Dungeon Crawl Stone Soup version 0.23.2-30-g0e89c35649 (webtiles) character file.

Game seed: 8779432587451229705

858 vishdafish the Poker (level 7, -2/70 HPs)
             Began as a Troll Berserker on June 20, 2019.
             Was an Elder of Trog.
             Slain by Sigmund
             ... wielding a +0 scythe
              (13 damage)
             ... on level 6 of the Dungeon.
             The game lasted 00:06:46 (3947 turns).

vishdafish the Poker (Troll Berserker)              Turns: 3947, Time: 00:06:47

Health: -2/70      AC:  7    Str: 28      XL:     7   Next: 71%
Magic:  6/6        EV:  9    Int:  3      God:    Trog [****..]
Gold:   282        SH:  0    Dex:  3 (9)  Spells: 6/6 levels left

rFire    + . .     SeeInvis .   A - +0 trident
rCold    . . .     Gourm    +   (no shield)
rNeg     . . .     Faith    .   b - +0 animal skin
rPois    .         Spirit   .   (helmet restricted)
rElec    .         Reflect  .   f - +0 cloak
rCorr    +         Harm     .   (gloves unavailable)
MR       .....                  (boots unavailable)
Stlth    +.........             (no amulet)
HPRegen  0.61/turn              u - ring of protection from fire
MPRegen  0.10/turn              d - ring of resist corrosion

@: berserk cooldown, slowed, very slow
A: large, unfitting armour, claws 3, fast metabolism 3, gourmand, regeneration
1, shaggy fur 1, tough skin 3
a: Berserk, Trog's Hand, Brothers in Arms, Renounce Religion


You were on level 6 of the Dungeon.
You worshipped Trog.
Trog was greatly pleased with you.
You were not hungry.

You visited 1 branch of the dungeon, and saw 6 of its levels.
You also visited: Sewer.

You collected 282 gold pieces.

Inventory:

Hand Weapons
 a - a +0 spear
 A - a +0 trident (weapon)
Missiles
 h - 2 javelins
 o - 3 poisoned javelins
 w - 4 large rocks (quivered)
Armour
 b - a +0 animal skin (worn)
 f - a +0 cloak (worn)
Jewellery
 d - a ring of resist corrosion (right claw)
 l - an uncursed ring of ice
 u - a ring of protection from fire (left claw)
Wands
 y - a wand of clouds (3)
Scrolls
 g - 4 scrolls of random uselessness {unknown}
 i - 2 scrolls of noise
 m - 4 scrolls of blinking
 n - 3 scrolls of enchant armour
 p - 2 scrolls of magic mapping {unknown}
 q - a scroll of amnesia {unknown}
 r - 5 scrolls of teleportation {unknown}
 t - 3 scrolls of remove curse {unknown}
 v - 3 scrolls of fear {unknown}
Potions
 e - a potion of haste
 j - 3 potions of curing
 k - a potion of cancellation
 s - a potion of brilliance
 x - 3 potions of magic {unknown}
 z - a potion of invisibility {unknown}
Comestibles
 c - 12 rations


   Skills:
 - Level 4.2 Fighting
 - Level 5.6 Polearms
 + Level 3.8 Throwing
 - Level 2.5 Dodging


You had 6 spell levels left.
You didn't know any spells.
Your spell library was empty.

Dungeon Overview and Level Annotations

Branches:
Dungeon (6/15)             Temple (0/1) D:5

Altars:
Fedhas
Makhleb
Yredelemnul

Annotations:
D:6 Sigmund


Innate Abilities, Weirdness & Mutations

You are too large for most types of armour.
You have claws for hands.
Your metabolism is lightning-fast.
You like to eat raw meat.
Your natural rate of healing is unusually fast.
You are covered in fur. (AC +1)
You have extremely tough skin. (AC +3)


Message History

You are more poisoned.
The worker ant poisons you!
You hit the worker ant.
The worker ant is lightly wounded.
You feel sick. Something hits you!
* * * LOW HITPOINT WARNING * * *
The worker ant closely misses you. The worker ant barely misses you.
You feel better. Something hits you!
* * * LOW HITPOINT WARNING * * *
The worker ant closely misses you. The worker ant bites you.
* * * LOW HITPOINT WARNING * * *
You are lethally poisoned!
The worker ant poisons you!
You feel better. Something hits you.
* * * LOW HITPOINT WARNING * * *
The worker ant barely misses you.
You feel better. The worker ant bites you.
* * * LOW HITPOINT WARNING * * *
Something hits you!
You die...

#. # #. #.#. .#. #
.. ##.. ...###.
.....
.......######......
#..{@a.......
.######.####.######
...........#.#
#######.#....#
#.########
#........#
########.####
#...<....#
####.###.##.#


You could see a worker ant.

Vanquished Creatures
  An ogre (D:4)
  A scorpion (D:4)
  A quasit (D:5)
  3 orc priests
  A bullfrog skeleton (D:6)
  3 hounds
  4 orc wizards
  An iguana (D:5)
  A worker ant zombie (D:5)
  7 gnolls (D:3)
  3 adders
  6 river rats (Sewer)
  A shadow imp (D:5)
  An ooze (D:2)
  3 adder skeletons (D:4)
  4 worms
  3 dart slugs
  3 leopard geckos
  21 orcs
  5 bats
  6 giant cockroaches
  5 goblins
  7 hobgoblins
  9 jackals
  2 quokkas
  8 ball pythons
  11 frilled lizards
  8 kobolds
  A leopard gecko skeleton (D:5)
  A quokka skeleton (D:4)
  22 rats
153 creatures vanquished.

Notes
Turn   | Place    | Note
-------+----------+-------------------------------------------
     0 | D:1      | vishdafish the Troll Berserker began the quest for the Orb.
     0 | D:1      | Reached XP level 1. HP: 22/22 MP: 0/0
   203 | D:1      | Reached XP level 2. HP: 29/29 MP: 1/1
   561 | D:2      | Reached skill level 3 in Polearms
   692 | D:2      | Found a blossoming altar of Fedhas.
   692 | D:2      | Found a burning altar of Makhleb.
   693 | D:2      | Found a basalt altar of Yredelemnul.
   840 | D:2      | Reached XP level 3. HP: 36/36 MP: 2/2
  1073 | D:2      | Reached ** piety under Trog
  1275 | D:3      | Reached XP level 4. HP: 26/45 MP: 3/3
  1431 | D:3      | Reached skill level 4 in Polearms
  1436 | D:3      | Reached XP level 5. HP: 53/53 MP: 4/4
  1808 | D:3      | Reached XP level 6. HP: 62/62 MP: 5/5
  1836 | D:3      | Reached *** piety under Trog
  2161 | D:4      | Reached skill level 5 in Polearms
  2312 | D:4      | Found a glowing drain.
  2325 | D:4      | Reached XP level 7. HP: 63/70 MP: 6/6
  2335 | Sewer    | Entered a sewer
  2369 | Sewer    | Reached **** piety under Trog
  2371 | Sewer    | Received a gift from Trog
  2613 | Sewer    | Reached skill level 1 in Throwing
  3058 | D:5      | Entered Level 5 of the Dungeon
  3283 | D:5      | Found a staircase to the Ecumenical Temple.
  3656 | D:5      | Found a blossoming altar of Fedhas.
  3891 | D:6      | Noticed Sigmund
  3944 | D:6      | HP: 3/70 [something (12)]
  3945 | D:6      | HP: 1/70 [worker ant (2)]
  3947 | D:6      | Slain by Sigmund

Skill      XL: |  1  2  3  4  5  6  7 |
---------------+----------------------+-----
Polearms       | 3 4 5 |  5.6
Fighting       | 3 4 |  4.2
Throwing       | 3 |  3.8
Dodging        | |  2.5

Action                   |  1- 3 |  4- 6 |  7- 9 || total
-------------------------+-------+-------+-------++-------
Melee: Spear             |   139 |   249 |   226 ||   614
       Trident           |       |       |    10 ||    10
Throw: Large rock        |       |       |     4 ||     4
Invok: Berserk           |       |     4 |     3 ||     7
  Use: Scroll            |     5 |     2 |     1 ||     8
       Potion            |       |       |     4 ||     4
 Stab: Sleeping          |       |       |     1 ||     1
  Eat: Chunk             |     6 |     9 |     6 ||    21
       Ration            |     1 |     1 |     4 ||     6
Armor: Animal skin       |    59 |    82 |    81 ||   222
       Skin              |       |       |   112 ||   112
Dodge: Dodged            |    57 |    90 |   121 ||   268
